Map: Catalyseur EC

Players

MORGOTH

  • Race: Protoss Protoss
  • League: Diamond
  • Spawn Location: 5:00

HoldTheDoor - Winner!

  • Race: Protoss Protoss
  • League: Diamond
  • Spawn Location: 11:00

VOD

Have the link to the VOD?

Description

Time

  • Played on: July 15, 2018, 12:01 p.m.
  • Length: 6:26
Show
View Real Time Build Order
Export as new Build Order

MORGOTH Protoss 

Build Orders: Oracle Opening 

Get SALT Encoding   

  12  0:02  Probe  
  13  0:23  Probe  
  14  0:29  Pylon  
  14  0:35  Probe  
  15  0:45  Probe  
  16  0:53  Probe  
  16  0:55  Gateway  
  16  0:57  Assimilator  
  16  1:03  Assimilator, Probe  
  18  1:17  Probe  
  18  1:25  Probe  
  20  1:34  Probe  
  21  1:40  Gateway  
  21  1:43  Cybernetics Core  
  21  1:48  Probe  
  22  2:01  Pylon  
  22  2:02  Probe  
  23  2:15  Pylon  
  23  2:20  Warp Gate  
  23  2:22  Stalker  
  25  2:29  Stargate  
  25  2:43  Shield Battery  
  25  2:44  Stalker  
  27  2:50  Probe  
  28  3:03  Robotics Facility  
  28  3:22  Oracle  
  28  3:32  Forge  
  30  3:47  Nexus  
  29  3:53  Observer  
  30  3:56  Stalker  
  32  4:09  Photon Cannon  
  32  4:13  Probe  
  33  4:25  Probe  
  32  4:37  Probe  
  33  4:41  Stalker, Shield Battery  
  31  4:56  Pylon  
  24  5:24  Pylon  
  24  5:25  Pylon  
  19  5:46  Stalker  
  19  5:58  Pylon  
Show
View Real Time Build Order
Export as new Build Order

HoldTheDoor Protoss - Winner!

Build Orders: Oracle Opening 

Get SALT Encoding   

  12  0:01  Probe  
  13  0:13  Probe  
  14  0:18  Pylon  
  14  0:26  Probe  
  15  0:38  Probe  
  15  0:40  Gateway  
  16  0:46  Assimilator, Probe  
  16  0:54  Probe  
  17  0:57  Assimilator  
  18  1:07  Pylon  
  18  1:08  Probe  
  19  1:27  Cybernetics Core  
  19  1:35  Pylon  
  19  1:36  Probe  
  20  1:48  Probe  
  21  2:00  Probe  
  22  2:02  Warp Gate  
  22  2:10  Stalker  
  22  2:12  Probe  
  25  2:18  Stargate  
  25  2:24  Probe  
  26  2:31  Pylon  
  26  2:36  Probe  
  27  2:40  Stalker  
  29  2:48  Probe  
  30  2:51  Oracle  
  30  2:57  Pylon  
  33  3:06  Probe  
  34  3:13  Stalker  
  34  3:18  Void Ray  
  36  3:21  Pylon  
  40  3:52  Void Ray  
  44  4:12  Nexus  
  44  4:20  Stalker  
  33  5:15  Stalker  
  33  5:25  Probe x2  
  33  5:46  Stalker  
  33  5:49  Probe x2  
  33  6:01  Probe x2  
  35  6:13  Probe x2  
Tags
 
Add a new tag
Caveats
  • Supply blocks, unpowered buildings, or Contaminate may cause inaccurate times.
  • Supply counts are checked every 10 seconds.